 Dungeon Sprint DCSS version 0.21.1-1-g345015f (webtiles) character file.

536 Fang the Cleaver (level 7, -1/51 HPs)
             Began as a Gargoyle Berserker on July 10, 2018.
             Was a High Priest of Trog.
             Slain by a black bear (5 damage)
             ... in the Dungeon (Sprint VII: "The Pits").
             The game lasted 00:02:46 (910 turns).

Fang the Cleaver (Gargoyle Berserker)                Turns: 910, Time: 00:02:47

Health: -1/51      AC:  7    Str: 22    XL:     7   Next: 25%
Magic:  7/7        EV: 14    Int:  8    God:    Trog [*****.]
Gold:   0          SH:  0    Dex:  9    Spells: 6/6 levels left

rFire    . . .     SeeInvis .   k - +2 hand axe
rCold    . . .     Gourm    .   (no shield)
rNeg     + . .     Faith    .   b - +0 animal skin
rPois    ∞         Spirit   .   (no helmet)
rElec    +         Reflect  .   (no cloak)
rCorr    .         Harm     .   (no gloves)
MR       .....     NoTele   +   (no boots)
Stlth    ++........             (no amulet)
HPRegen  0.17/turn              (no ring)
MPRegen  0.10/turn              (no ring)

@: berserk cooldown, starving, slowed, very slow
A: negative energy resistance 1, electricity resistance, unbreathing,
petrification resistance, rot immunity, AC +4
a: Berserk, Trog's Hand, Brothers in Arms, Burn Spellbooks, Renounce Religion


You were in the Dungeon.
You worshipped Trog.
Trog was extremely pleased with you.
You were starving.

You visited 1 branch

Inventory:

Hand Weapons
 j - a +1 hand axe of chopping
 k - a +2 hand axe (weapon)
Armour
 b - a +0 animal skin (worn)
Scrolls
 i - a scroll of blinking
 l - 2 scrolls of remove curse
 m - a scroll of summoning
Potions
 a - 2 potions of invisibility
 d - 6 potions of curing
 e - 5 potions of heal wounds
 f - a potion of haste
 g - 4 potions of magic
 h - 3 potions of berserk rage
Comestibles
 c - 9 rations


   Skills:
 + Level 9.3 Fighting
 + Level 9.6 Axes
 + Level 4.4 Armour
 + Level 5.8 Dodging
 + Level 2.8 Stealth


You had 6 spell levels left.
You didn't know any spells.

Dungeon Overview and Level Annotations

Branches:
Dungeon (1/1)

Altars:
Ashenzari
Cheibriados
Dithmenos
Elyvilon
Fedhas
Gozag
Hepliaklqana
Kikubaaqudgha
Makhleb
Nemelex Xobeh
Okawaru
Qazlal
Ru
Sif Muna
Trog
Uskayaw
Vehumet
Wu Jian
Xom
Yredelemnul
Zin
The Shining One
Beogh
Jiyva
Lugonu


Innate Abilities, Weirdness & Mutations

You are resistant to torment.
Your stone body is resilient. (AC +4)
You are immune to poison.
You resist negative energy. (rN+)
You are resistant to electric shocks. (rElec)
You can survive without breathing.
You are immune to petrification.
You are immune to rotting.


Message History

The black bear bites you. The black bear misses you. The black bear claws you.
The black bear bites you!
* * * LOW HITPOINT WARNING * * *
The black bear claws you.
* * * LOW HITPOINT WARNING * * *
The black bear claws you.
* * * LOW HITPOINT WARNING * * *
The wight closely misses you. The black bear bites you.
* * * LOW HITPOINT WARNING * * *
The black bear barely misses you.
The black bear claws you but does no damage.
Unknown command.
The black bear rages.
Your ogre completely misses the black bear.
The wight hits you with a trident.
* * * LOW HITPOINT WARNING * * *
The black bear barely misses you. The black bear claws you.
* * * LOW HITPOINT WARNING * * *
The black bear claws you.
You die...

#.#..####))##......
#.#..#..#.)##......
#.#..#..#[[##......
#.##'#÷.#'###...<..
#.#÷÷÷))...##......
#.#........##......
#'###########......
#..#.#.## #######
#(@zl...# ##h#.#.##
#O.M....# ##.#.#.##
.......# #.# #..+
### ###


You could see a black bear (berserk), a mummy, a wight, a frilled lizard and a
friendly ogre (berserk).

Vanquished Creatures
  A flying skull (D)
  2 floating eyes (D)
  2 wights (D)
  A gnoll shaman (D)
  4 gnolls (D)
  An ufetubus (D)
  An ooze (D)
  A leopard gecko (D)
  An orc (D)
  A giant cockroach (D)
  7 jackals (D)
  A rat (D)
23 creatures vanquished.

Notes
Turn   | Place    | Note
-------+----------+-------------------------------------------
     0 | D        | Fang the Gargoyle Berserker began the quest for the Orb.
     0 | D        | Reached XP level 1. HP: 14/14 MP: 1/1
    43 | D        | Found a bloodstained altar of Trog.
    43 | D        | Found a deep blue altar of Sif Muna.
    43 | D        | Found a viscous altar of Jiyva.
    43 | D        | Found a hazy altar of Hepliaklqana.
    43 | D        | Found an opulent altar of Gozag.
    44 | D        | Found a glowing golden altar of the Shining One.
    44 | D        | Found a glowing silver altar of Zin.
    44 | D        | Found a basalt altar of Yredelemnul.
    44 | D        | Found a shimmering altar of Xom.
    44 | D        | Found an ornate altar of the Wu Jian Council.
    44 | D        | Found a sacrificial altar of Ru.
    44 | D        | Found a stormy altar of Qazlal.
    44 | D        | Found an iron altar of Okawaru.
    44 | D        | Found a sparkling altar of Nemelex Xobeh.
    44 | D        | Found a burning altar of Makhleb.
    44 | D        | Found a blossoming altar of Fedhas.
    44 | D        | Found a white marble altar of Elyvilon.
    44 | D        | Found a shadowy altar of Dithmenos.
    44 | D        | Found a snail-covered altar of Cheibriados.
    46 | D        | Found a radiant altar of Vehumet.
    46 | D        | Found a corrupted altar of Lugonu.
    46 | D        | Found a roughly hewn altar of Beogh.
    48 | D        | Found an ancient bone altar of Kikubaaqudgha.
    48 | D        | Found a hide-covered altar of Uskayaw.
    48 | D        | Found a shattered altar of Ashenzari.
   116 | D        | Reached ** piety under Trog
   116 | D        | Reached XP level 2. HP: 7/20 MP: 2/2
   528 | D        | Noticed a floating eye
   528 | D        | Noticed a floating eye
   531 | D        | Paralysed by a floating eye for 4 turns
   536 | D        | Killed a floating eye
   536 | D        | Reached skill level 1 in Stealth
   536 | D        | Reached XP level 3. HP: 28/28 MP: 3/3
   536 | D        | Reached XP level 4. HP: 32/32 MP: 4/4
   539 | D        | Paralysed by a floating eye for 4 turns
   546 | D        | Paralysed by a floating eye for 2 turns
   549 | D        | Killed a floating eye
   549 | D        | Reached *** piety under Trog
   549 | D        | Reached XP level 5. HP: 33/39 MP: 5/5
   564 | D        | Reached **** piety under Trog
   565 | D        | Reached XP level 6. HP: 21/44 MP: 6/6
   574 | D        | Reached ***** piety under Trog
   884 | D        | Noticed a black bear
   891 | D        | Noticed a flying skull
   893 | D        | Reached skill level 5 in Dodging
   900 | D        | Killed a flying skull
   900 | D        | Received a gift from Trog
   900 | D        | Reached XP level 7. HP: 47/51 MP: 7/7
   906 | D        | Received a gift from Trog
   910 | D        | Slain by a black bear

Skill      XL: |  1  2  3  4  5  6 |
---------------+-------------------+-----
Axes           | 3 6 7 9 |  9.6
Fighting       | 4 6 7 9 |  9.3
Dodging        | 2 3 4 5 |  5.8
Armour         | 3 4 |  4.4
Stealth        | 1 2 |  2.8

Action                   |  1- 3 |  4- 6 |  7- 9 || total
-------------------------+-------+-------+-------++-------
Melee: Hand axe          |    21 |    42 |     6 ||    69
Invok: Berserk           |       |     2 |       ||     2
       Brothers in Arms  |       |       |     1 ||     1
  Use: Scroll            |     1 |       |       ||     1
       Potion            |       |       |     1 ||     1
Armor: Animal skin       |     7 |    14 |    11 ||    32
Dodge: Dodged            |    27 |    36 |    23 ||    86
